 Dungeon Crawl Stone Soup version 0.23-a0-448-g1c01f63 (webtiles) character file.

3378 tilp the Impaler (level 10, 0/71 HPs)
             Began as a Merfolk Ice Elementalist on Nov 20, 2018.
             Was a Follower of Makhleb.
             Slain by an iguana (15 damage)
             ... on level 6 of the Dungeon.
             The game lasted 00:28:41 (7907 turns).

tilp the Impaler (Merfolk Ice Elementalist)         Turns: 7907, Time: 00:28:42

Health: 0/71       AC: 10    Str:  9    XL:     10   Next: 3%
Magic:  4/13       EV: 15    Int: 18    God:    Makhleb [*.....]
Gold:   257        SH:  0    Dex: 14    Spells: 1/13 levels left

rFire    x . .     SeeInvis .   D - +0 halberd (flame)
rCold    + . .     Gourm    .   (shield currently unavailable)
rNeg     . . .     Faith    .   x - +2 robe {MR+}
rPois    .         Spirit   .   (no helmet)
rElec    .         Reflect  .   (no cloak)
rCorr    .         Harm     .   (no gloves)
MR       +....                  (no boots)
Stlth    ++........             (no amulet)
HPRegen  0.21/turn              I - ring of ice
MPRegen  0.13/turn              v - ring of wizardry

@: icy armour
A: change form in water, swift swim, stealthy swim
a: Renounce Religion


You were on level 6 of the Dungeon.
You worshipped Makhleb.
Makhleb was aware of your devotion.
You were very hungry.

You visited 2 branches of the dungeon, and saw 8 of its levels.
You also visited: Sewer.

You collected 363 gold pieces.
You spent 106 gold pieces at shops.

Inventory:

Hand Weapons
 a - a +1 spear
 b - a +1 hunting sling of freezing
 t - a +1 hunting sling of freezing
 B - a +1 glaive of chopping
 D - a +0 halberd of flaming (weapon)
Missiles
 p - 42 sling bullets
 w - a throwing net
 y - 8 javelins (quivered)
Armour
 x - a +2 robe of magic resistance (worn)
 L - a +2 leather armour of cold resistance
Jewellery
 d - an uncursed ring of resist corrosion
 v - a ring of wizardry (right hand)
 I - a ring of ice (left hand)
Wands
 J - a wand of digging (4)
 K - a wand of enslavement (4)
Scrolls
 e - 4 scrolls of remove curse
 i - 4 scrolls of teleportation
 j - 3 scrolls of enchant weapon
 k - 2 scrolls of amnesia
 n - a scroll of identify
 q - a scroll of fear
 u - a scroll of enchant armour
 G - 2 scrolls of fog
Potions
 f - 3 potions of brilliance
 g - 2 potions of curing
 h - 2 potions of flight
 l - a potion of agility
 m - a potion of cancellation
 o - 3 potions of haste
 r - 2 potions of heal wounds
 A - a potion of lignification
 F - a potion of mutation
 H - a potion of invisibility
Comestibles
 c - 24 rations


   Skills:
 - Level 4.0 Fighting
 * Level 15.3 Polearms
 - Level 6.0 Dodging
 - Level 2.1 Stealth
 - Level 2.0 Spellcasting
 - Level 0.7 Conjurations
 - Level 6.5 Ice Magic


You had one spell level left.
You knew the following spells:

 Your Spells              Type           Power        Failure   Level  Hunger
a - Freeze                Ice            ####         1%          1    #......
b - Throw Frost           Conj/Ice       ###...       2%          2    ###....
c - Ozocubu's Armour      Chrm/Ice       ###.....     6%          3    ###....
d - Throw Icicle          Conj/Ice       ###.....     16%         4    #####..
e - Apportation           Tloc           #.....       8%          1    #......
f - Animate Skeleton      Necr           N/A          8%          1    #......

Your spell library contained the following spells:

 Spells                   Type           Power        Failure   Level  Hunger
 Confusing Touch          Hex            #.....       8%          1    #......
 Summon Small Mammal      Summ           #...         8%          1    #......
 Summon Ice Beast         Ice/Summ       ###.....     19%         4    #####..


Dungeon Overview and Level Annotations

Branches:
Dungeon (7/15)             Temple (1/1) D:5

Altars:
Cheibriados
Dithmenos
Elyvilon
Fedhas
Gozag
Kikubaaqudgha
Makhleb
Nemelex Xobeh
Okawaru
Qazlal
Ru
Sif Muna
Trog
Uskayaw
Vehumet
Wu Jian
Xom
Yredelemnul
Zin
The Shining One

Shops:
D:6 !*((%

Annotations:
D:4 1 runed door, Gorice's ghost, amateur GnWn
D:7 Duvessa


Message History

An iguana comes into view.
The bullfrog barely misses you. The bullfrog hits you.
The iguana hisses angrily.
The bullfrog misses you.
There is a stone staircase leading up here.
The bullfrog barely misses you. The iguana bites you.
You climb upwards.
Reactivating autopickup.
There is a stone staircase leading down here.
You hit the bullfrog. You burn the bullfrog.
The bullfrog is lightly wounded.
The bullfrog hits you.
* * * LOW HITPOINT WARNING * * *
The bullfrog barely misses you. The iguana closely misses you.
Casting: Throw Icicle (slightly dangerous; 16% risk of failure)
Confirm with . or Enter, or press ? or * to list all spells.
You feel a surge of power! A film of ice covers your body!
The bullfrog barely misses you. The iguana bites you!
You die...

#..........#
#..........#
#..........#
#..........#
#..........#
######........####
#.................
#F###.............
###### #@#
#..........###
#....# #l#
#..........##
#....###.#
#...........##
#.....##.#
##........#...
###.#.##.#
##......####.
#.#....## ########
##. #.####..##
##.. #.# #...#
#..# #.# #.#.##
#.##


You could see a bullfrog and an iguana.

Vanquished Creatures
  4 yaks (D:7)
  An orc warrior (D:3)
  An ice beast (D:5)
  4 phantoms
  5 ogres
  A centaur (D:7)
  A big kobold (Sewer)
  3 bullfrogs
  4 scorpions (D:4)
  Dowan (D:7)
  3 crimson imps
  A centaur zombie (D:7)
  2 jellies
  A bullfrog skeleton (D:4)
  7 hounds
  3 orc priests
  A centaur skeleton (D:6)
  Jessica (D:2)
  4 worker ants
  Natasha (thrice) (D:4)
  4 orc wizards
  A worker ant zombie (D:5)
  11 gnolls
  A river rat (Sewer)
  15 adders
  4 shadow imps
  A white imp (D:4)
  An ooze (D:6)
  2 worms (D:2)
  A dart slug (D:1)
  4 leopard geckos
  20 orcs
  7 giant cockroaches
  7 goblins
  6 hobgoblins
  11 jackals
  A quokka (D:6)
  A ball python (D:4)
  7 bats
  5 frilled lizards
  A goblin skeleton (D:4)
  A goblin zombie (D:4)
  A hobgoblin zombie (D:4)
  8 kobolds
  2 kobold skeletons (D:4)
  A kobold zombie (D:4)
  A leopard gecko skeleton (D:5)
  4 orc zombies (D:4)
  A quokka skeleton (D:6)
  A quokka zombie (D:6)
  11 rats
  2 fungi (D:4)
195 creatures vanquished.

Vanquished Creatures (others)
  2 fungi (D:4)
2 creatures vanquished.

Grand Total: 197 creatures vanquished

Notes
Turn   | Place    | Note
-------+----------+-------------------------------------------
     0 | D:1      | tilp the Merfolk Ice Elementalist began the quest for the
                  | Orb.
     0 | D:1      | Reached XP level 1. HP: 13/13 MP: 3/3
   281 | D:1      | Reached XP level 2. HP: 10/19 MP: 0/5
   803 | D:1      | Learned a level 2 spell: Throw Frost
   821 | D:2      | Noticed Jessica
   871 | D:2      | Reached XP level 3. HP: 24/24 MP: 0/6
   876 | D:2      | Learned a level 3 spell: Ozocubu's Armour
  1018 | D:2      | Found a faded altar of an unknown god.
  1230 | D:2      | Killed Jessica
  1230 | D:2      | Reached skill level 1 in Polearms
  1230 | D:2      | Reached skill level 5 in Ice Magic
  1230 | D:2      | Reached XP level 4. HP: 24/30 MP: 2/7
  1583 | D:2      | Reached skill level 2 in Polearms
  1890 | D:3      | Reached XP level 5. HP: 33/35 MP: 0/8
  2119 | D:3      | Noticed an orc warrior
  2267 | D:3      | Killed an orc warrior
  2267 | D:3      | Reached skill level 3 in Polearms
  2267 | D:3      | Reached XP level 6. HP: 21/41 MP: 0/9
  2553 | D:3      | Reached skill level 4 in Polearms
  2756 | D:4      | Reached skill level 5 in Polearms
  2794 | D:4      | Found a runed door.
  2794 | D:4      | Noticed Gorice's ghost (amateur GnWn)
  2818 | D:4      | Reached skill level 1 in Fighting
  2818 | D:4      | Reached XP level 7. HP: 36/48 MP: 2/10
  3122 | D:4      | Reached skill level 6 in Polearms
  3145 | D:4      | Noticed Natasha
  3160 | D:4      | Killed Natasha
  3180 | D:4      | Found a glowing drain.
  3195 | Sewer    | Entered a sewer
  3636 | Sewer    | Found a white marble altar of Elyvilon.
  3696 | D:4      | Found a glowing golden altar of the Shining One.
  3707 | D:4      | Reached skill level 7 in Polearms
  3857 | D:4      | Found a blossoming altar of Fedhas.
  3941 | D:4      | Noticed Natasha
  3946 | D:4      | Killed Natasha
  3954 | D:4      | Found a sparkling altar of Nemelex Xobeh.
  3960 | D:4      | Found a white marble altar of Elyvilon.
  4269 | D:4      | Reached XP level 8. HP: 48/58 MP: 7/11
  4275 | D:4      | Reached skill level 8 in Polearms
  4502 | D:4      | Reached skill level 5 in Dodging
  4570 | D:4      | Noticed Natasha
  4587 | D:4      | Killed Natasha
  4926 | D:5      | Entered Level 5 of the Dungeon
  5210 | D:5      | Reached skill level 9 in Polearms
  5636 | D:5      | Found a staircase to the Ecumenical Temple.
  5672 | Temple   | Entered the Ecumenical Temple
  5769 | Temple   | Became a worshipper of Makhleb the Destroyer
  6176 | D:6      | Reached skill level 10 in Polearms
  6474 | D:6      | Reached skill level 11 in Polearms
  6489 | D:6      | Learned a level 4 spell: Throw Icicle
  6491 | D:6      | Learned a level 1 spell: Apportation
  6510 | D:6      | Found Vahay's Assorted Antiques.
  6512 | D:6      | Reached XP level 9. HP: 57/65 MP: 12/12
  6522 | D:6      | Found Zozeunn's Distillery.
  6536 | D:6      | Bought a potion of curing for 36 gold pieces
  6536 | D:6      | Bought a potion of degeneration for 12 gold pieces
  6557 | D:6      | Found Woocouq's Weapon Boutique.
  6600 | D:6      | Reached * piety under Makhleb
  6619 | D:6      | Reached skill level 12 in Polearms
  6654 | D:6      | Found Mecvuz's Weapon Boutique.
  6836 | D:6      | Found Siduoghy's Food Shoppe.
  6938 | D:6      | Learned a level 1 spell: Animate Skeleton
  6954 | D:6      | Bought a scroll of identify for 58 gold pieces
  7072 | D:7      | Reached skill level 13 in Polearms
  7266 | D:7      | Reached skill level 14 in Polearms
  7530 | D:7      | Found a glowing silver altar of Zin.
  7600 | D:7      | Noticed Duvessa
  7600 | D:7      | Noticed Dowan
  7622 | D:7      | Killed Dowan
  7785 | D:7      | Reached skill level 15 in Polearms
  7785 | D:7      | Reached XP level 10. HP: 71/71 MP: 13/13
  7907 | D:6      | Slain by an iguana

Vault maps used:
D:1:      dpeg_arrival_lava_altar
D:2:      wander_river, chequers_ecumenical_altar_simple_redux, uniq_jessica
D:3:      first_ration, minmay_misc_feat_chi
D:4:      old_forge, old_standard_altar, nicolae_tso_besieged_by_evil,
          minitemple, hellmonk_ghost_happy_afterlife, portal_sewer_entry_d,
          uniq_natasha
D:5:      minmay_temple_entry_antechambers, hangedman_decor_growths
D:6:      serial_shops, shop, shop, kennysheep_mini, shop, shop_fountains
D:7:      zin_treasury, grunt_ogre_cave, tgw_trog, uniq_duvessa
Temple:   regret_index_temple_waves
Sewer:    sewer_kobolds

Skill      XL: |  1  2  3  4  5  6  7  8  9 |
---------------+----------------------------+-----
Ice Magic      | 4 5 6 |  6.5
Polearms       | 1 2 3 5 7 11 15 | 15.3
Dodging        | 3 4 6 |  6.0
Fighting       | 1 3 4 |  4.0
Stealth        | |  2.1
Spellcasting   | |  2.0
Conjurations   | |  0.7

Action                   |  1- 3 |  4- 6 |  7- 9 | 10-12 || total
-------------------------+-------+-------+-------+-------++-------
Melee: Dagger            |     9 |    14 |       |       ||    23
       Spear             |       |    11 |   351 |       ||   362
       Halberd           |       |       |   227 |    17 ||   244
Throw: Stone             |     5 |     5 |       |       ||    10
       Javelin           |       |       |     4 |       ||     4
 Cast: Freeze            |    34 |    68 |    88 |       ||   190
       Throw Frost       |     1 |     2 |     9 |       ||    12
       Ozocubu's Armour  |       |     3 |    17 |     4 ||    24
       Throw Icicle      |       |       |     1 |     1 ||     2
  Use: Potion            |       |     1 |     2 |       ||     3
       Scroll            |       |    10 |     8 |       ||    18
 Stab: Sleeping          |     2 |     3 |     4 |       ||     9
       Distracted        |       |     1 |       |       ||     1
  Eat: Chunk             |     1 |     7 |    17 |       ||    25
       Ration            |       |       |     1 |       ||     1
Armor: Robe              |     6 |    12 |    80 |     5 ||   103
Dodge: Dodged            |    22 |    41 |   353 |    25 ||   441

Table legend:
 A = Non-vault XP
 B = Vault XP
 C = Vault XP percentage of total XP
 D = Non-vault monster count
 E = Vault monster count
 F = Vault count percentage of total count
                 A         B        C        D         E       F
            +---------+---------+-------+---------+---------+-------
      Total |    4168 |     659 |  13.7 |     157 |      36 |  18.7
            +---------+---------+-------+---------+---------+-------
        D:1 |      26 |       0 |   0.0 |      14 |       0 |   0.0
        D:2 |      85 |      37 |  30.3 |      19 |       1 |   5.0
        D:3 |     272 |       0 |   0.0 |      25 |       0 |   0.0
        D:4 |     570 |     315 |  35.6 |      26 |      23 |  46.9
        D:5 |     550 |       0 |   0.0 |      25 |       0 |   0.0
        D:6 |     839 |       0 |   0.0 |      27 |       0 |   0.0
        D:7 |    1826 |     180 |   9.0 |      21 |       2 |   8.7
      Sewer |       0 |     127 | 100.0 |       0 |      10 | 100.0
            +---------+---------+-------+---------+---------+-------
